 Dungeon Crawl Stone Soup version 0.24-a0-584-g9d6b971 (webtiles) character file.

Game seed: 1448860903089815476, levelgen mode: deterministic

58 BladedHellion the Sneak (level 3, -2/27 HPs)
             Began as a Demonspawn Assassin on Sept 6, 2019.
             Slain by a gnoll
             ... wielding a +0 halberd
              (11 damage)
             ... on level 2 of the Dungeon.
             The game lasted 00:03:28 (1694 turns).

BladedHellion the Sneak (Demonspawn Assassin)       Turns: 1694, Time: 00:03:28

Health: -2/27      AC: 12    Str: 12    XL:     3   Next: 76%
Magic:  3/3        EV:  9    Int: 12    God:
Gold:   43         SH:  0    Dex: 14    Spells: 2/2 levels left

rFire    . . .     SeeInvis .   a - +2 dagger
rCold    . . .     Gourm    .   (no shield)
rNeg     . . .     Faith    .   h - +4 scale mail
rPois    .         Spirit   .   (no helmet)
rElec    .         Reflect  .   c - +0 cloak
rCorr    .         Harm     .   n - +0 pair of gloves
MR       .....                  (no boots)
Stlth    +.........             (no amulet)
HPRegen  0.09/turn              (no ring)
MPRegen  0.08/turn              (no ring)

@: no status effects
A: claws 2
a: no special abilities


You were on level 2 of the Dungeon.
You were not hungry.

You visited 1 branch of the dungeon, and saw 2 of its levels.

You collected 43 gold pieces.

Inventory:

Hand Weapons
 a - a +2 dagger (weapon)
Missiles
 d - 22 poisoned darts (quivered)
 e - 2 curare-tipped darts
 k - 21 stones
Armour
 b - a +0 robe
 c - a +0 cloak (worn)
 h - a +4 scale mail (worn)
 n - a +0 pair of gloves (worn)
Magical Staves
 l - an uncursed staff of power {unknown}
Scrolls
 g - 2 scrolls of identify {unknown}
 i - a scroll of remove curse {unknown}
Potions
 j - a potion of mutation {unknown}
 m - a potion of degeneration {unknown}
Comestibles
 f - a ration


   Skills:
 + Level 2.2 Fighting
 + Level 2.1 Short Blades
 + Level 1.9 Throwing
 + Level 1.3 Dodging
 + Level 4.6 Stealth


You had 2 spell levels left.
You didn't know any spells.
Your spell library was empty.

Dungeon Overview and Level Annotations

Branches:
Dungeon (2/15)

Altars:


Innate Abilities, Weirdness & Mutations

You have very sharp fingernails.


Message History

Your Dodging skill increases to level 1!
The bat hits you. The bat hits you but does no damage.
You miss the bat. The bat hits you but does no damage.
The gnoll hits you but does no damage. The gnoll misses you.
A goblin comes into view. It is wielding a +0 club.
The goblin shouts!
The bat hits you but does no damage. The gnoll closely misses you. x2
You see here a gnoll corpse.
The gnoll hits you from afar with a +0 halberd.
The gnoll hits you but does no damage.
You closely miss the bat. The bat hits you but does no damage. x2
The gnoll hits you but does no damage.
Your scale mail prevents you from hitting the bat.
The bat barely misses you. The bat hits you but does no damage.
The gnoll closely misses you.
You hit the bat.
The bat is severely wounded.
The bat hits you but does no damage.
The gnoll hits you from afar with a +0 halberd!
You die...

##.###.##...#####.##
##..........<.......#
#........#...#####..#
######...##...##.##
.........###. #.#
####.....###.###.######>.
.....#รท<#................
####.#.##.######.#######.
#.#)....# #@# ###.#.....#
#b# #..............gg.g#
##.#............g....#
...........#########.#
####.#.##.## # .....#.# .#
####.#.# .# #.#.#


You could see 2 gnolls, a goblin and a bat.

Vanquished Creatures
  A gnoll (D:2)
  An ooze (D:1)
  A dart slug (D:1)
  3 leopard geckos (D:2)
  4 bats
  A giant cockroach (D:2)
  4 goblins
  6 hobgoblins
  4 jackals (D:2)
  3 kobolds (D:1)
  2 frilled lizards (D:2)
  4 rats (D:1)
34 creatures vanquished.

Notes
Turn   | Place    | Note
-------+----------+-------------------------------------------
     0 | D:1      | BladedHellion the Demonspawn Assassin began the quest for
                  | the Orb.
     0 | D:1      | Reached XP level 1. HP: 16/16 MP: 1/1
    81 | D:1      | Reached skill level 4 in Stealth
   100 | D:1      | Gained mutation: You have sharp fingernails. [demonic
                  | ancestry]
   100 | D:1      | Reached XP level 2. HP: 8/22 MP: 2/2
  1284 | D:2      | Gained mutation: You have very sharp fingernails. [demonic
                  | ancestry]
  1284 | D:2      | Reached XP level 3. HP: 27/27 MP: 3/3
  1688 | D:2      | Reached skill level 1 in Dodging
  1694 | D:2      | Slain by a gnoll

Levels and vault maps discovered:
D:1:      sevenhm_arrival_forest_fort_large_4, layout_basic
D:2:      layout_loops_ring, minmay_misc_feat_pillars, makhleb_heckhound_becter,
          uniq_jessica, uniq_terence

Skill      XL: |  1  2  3 |
---------------+----------+-----
Stealth        | 4 |  4.6
Short Blades   | 2 |  2.1
Dodging        | 1 |  1.3
Fighting       | |  2.2
Throwing       | |  1.9

Action                   || total
-------------------------++-------
Melee: Dagger            ||   129
Throw: Dart              ||     2
 Stab: Sleeping          ||     3
  Eat: Ration            ||     1
       Chunk             ||     1
Armor: Robe              ||    28
       Scale mail        ||    52
       Skin              ||     1
Dodge: Dodged            ||    75

Table legend:
 A = Non-vault XP
 B = Vault XP
 C = Vault XP percentage of total XP
 D = Non-vault monster count
 E = Vault monster count
 F = Vault count percentage of total count
                 A         B        C        D         E       F
            +---------+---------+-------+---------+---------+-------
      Total |      84 |       0 |   0.0 |      34 |       0 |   0.0
            +---------+---------+-------+---------+---------+-------
        D:1 |      40 |       0 |   0.0 |      18 |       0 |   0.0
        D:2 |      44 |       0 |   0.0 |      16 |       0 |   0.0
            +---------+---------+-------+---------+---------+-------
